 Dungeon Crawl Stone Soup version 0.28-a0-845-gfc338a8e3c (webtiles) character file.

Game seed: 8146112823626825483

18818 ders the Geomancer (level 12, 0/64 HPs)
             Began as a Gargoyle Earth Elementalist on Nov 13, 2021.
             Was a Priest of Vehumet.
             Slain by a two-headed ogre simulacrum (12 damage)
             ... in an ice cave.
             The game lasted 00:29:18 (20272 turns).

ders the Geomancer (Gargoyle Earth Elementalist)   Turns: 20272, Time: 00:29:19

Health: 0/64       AC: 12    Str: 19    XL:     12   Next: 62%
Magic:  1/27       EV: 12    Int: 23    God:    Vehumet [***...]
Gold:   709        SH:  5    Dex: 12    Spells: 13/33 levels left

rFire   . . .      SeeInvis .   o - +10 hand axe of the End of Times {drain, rElec rF+ Dex+2}
rCold   + . .      Faith    .   (no shield)
rNeg    + . .      Spirit   .   b - +0 robe
rPois   ∞          Reflect  +   (no helmet)
rElec   +          Harm     .   (no cloak)
rCorr   +          Rampage  .   s - +1 pair of gloves
Will    .....                   (no boots)
Stlth   ++........              B - amulet "Xixzu" {Reflect rElec rPois rCorr Int+3 SH+5}
HPRegen 0.20/turn               r - +6 ring of strength
MPRegen 0.20/turn               J - ring of ice

@: no status effects
A: sickness immunity, AC +8, negative energy resistance 1, electricity
resistance, torment resistance 1, petrification resistance
a: Renounce Religion


You were in an ice cave.
You worshipped Vehumet.
Vehumet was most pleased with you.
You visited 3 branches of the dungeon, and saw 15 of its levels.
You also visited: Gauntlet and Ice Cave.

You collected 709 gold pieces.

Inventory:

Hand Weapons
 c - a +0 dagger
 h - a +3 flail of holy wrath
 o - the +10 hand axe of the End of Times (weapon) {drain, rElec rF+ Dex+2}
   (You found it on level 5 of the Dungeon)

   A truly terrible weapon, it drains the life of any living foe it strikes.
   Dex:       It affects your dexterity (+2).
   rF:        It protects you from fire.
   rElec:     It insulates you from electricity.
Missiles
 q - 407 stones
Armour
 b - a +0 robe (worn)
 s - a +1 pair of gloves (worn)
Jewellery
 r - a +6 ring of strength (left hand)
 B - the amulet "Xixzu" (around neck) {Reflect rElec rPois rCorr Int+3 SH+5}
   (You found it on level 8 of the Dungeon)

   [amulet of reflection]

   It reflects blocked missile attacks.
   Int:       It affects your intelligence (+3).
   rElec:     It insulates you from electricity.
   rPois:     It protects you from poison.
   rCorr:     It protects you from acid and corrosion.
   SH:        It affects your SH (+5).
 C - a +6 ring of strength
 G - an amulet of guardian spirit
 J - a ring of ice (right hand)
Wands
 v - a wand of iceblast (45)
 w - a wand of charming (24)
 x - a wand of acid (16)
 A - a wand of polymorph (8)
 F - a wand of digging (4)
Scrolls
 a - 2 scrolls of fog
 f - 2 scrolls of magic mapping
 l - 2 scrolls of fear
 t - a scroll of amnesia
 u - a scroll of silence
 D - a scroll of blinking
 I - a scroll of identify
 K - a scroll of enchant weapon
Potions
 d - 9 potions of curing
 e - 2 potions of heal wounds
 g - a potion of ambrosia {unknown}
 i - 2 potions of flight {unknown}
 j - 3 potions of degeneration
 k - 4 potions of brilliance
 m - 6 potions of haste
 n - 2 potions of attraction {unknown}
 p - 4 potions of cancellation {unknown}
 z - 2 potions of resistance {unknown}
 E - a potion of mutation {unknown}
 H - a potion of invisibility {unknown}
Miscellaneous
 y - a condenser vane


   Skills:
 + Level 2.6 Fighting
 + Level 0.8 Short Blades
 + Level 1.7(1.8) Axes
 + Level 0.2(1.2) Maces & Flails
 - Level 1.5 Dodging
 - Level 2.1 Stealth
 + Level 1.9 Shields
 + Level 0.1 Unarmed Combat
 + Level 11.4 Spellcasting
 * Level 12.5 Conjurations
 + Level 0.3 Translocations
 + Level 0.7 Transmutations
 + Level 1.1 Ice Magic
 + Level 13.5 Earth Magic


You had 13 spell levels left.
You knew the following spells:

 Your Spells              Type           Power      Damage    Failure   Level
a - Sandblast             Erth           100%       2d20      0%          1
b - Stone Arrow           Conj/Erth      100%       3d13      1%          3
c - Blink                 Tloc           28%        N/A       7%          2
d - Frozen Ramparts       Ice            54%        1d7       2%          3
e - Petrify               Tmut/Erth      45%        N/A       2%          4
f - Dazzling Flash        Conj/Hex       84%        N/A       1%          3
g - Sticky Flame          Conj/Fire      41%        2d6       1%          4

Your spell library contained the following spells:

 Spells                   Type           Power      Damage    Failure   Level
 Airstrike                Air            6%         N/A       13%         4
 Freeze                   Ice            100%       1d11      1%          1
 Passwall                 Tmut/Erth      37%        N/A       1%          2
 Conjure Flame            Conj/Fire      41%        6-21      1%          3
 Fulminant Prism          Conj/Hex       21%        3d13      1%          4
 Hailstorm                Conj/Ice       61%        3d13      1%          4
 Iskenderun's Mystic Bla  Conj/Tloc      42%        2d10      1%          4
 Lee's Rapid Deconstruct  Erth           33%        3d18*     1%          5
 Poisonous Vapours        Pois/Air       26%        N/A       2%          2
 Ignite Poison            Fire/Tmut/Pois 14%        N/A       3%          3
 Animate Armour           Summ/Erth      88%        N/A       3%          4
 Pain                     Necr           52%        1d6       4%          1
 Ensorcelled Hibernation  Hex/Ice        46%        N/A       6%          2
 Corpse Rot               Necr/Air       26%        N/A       8%          2
 Ozocubu's Armour         Ice            27%        N/A       9%          3
 Lesser Beckoning         Tloc           14%        N/A       13%         3
 Spider Form              Tmut/Pois      14%        N/A       13%         3
 Lehudib's Crystal Spear  Conj/Erth      32%        10d8      36%         8
 Manifold Assault         Tloc           14%        N/A       77%         5
 Agony                    Necr           13%        N/A       80%         5
 Excruciating Wounds      Necr           6%         N/A       80%         5
 Ozocubu's Refrigeration  Ice            13%        4d7       99%         7
 Malign Gateway           Summ/Tloc      6%         N/A       100%        7
 Summon Horrible Things   Summ           6%         N/A       100%        8


Dungeon Overview and Level Annotations

Branches:
Dungeon (11/15)            Temple (1/1) D:7            Lair (3/6) D:11
  IceCv (1/1)             Gauntlet (visited)
  Swamp: Lair:2-4    Shoals: Lair:2-4     Snake: Lair:2-4    Spider: Lair:2-4
    Orc: D:9-12

Altars:
Ashenzari
Cheibriados
Dithmenos
Elyvilon
Fedhas
Gozag
Hepliaklqana
Kikubaaqudgha
Makhleb
Nemelex Xobeh
Okawaru
Qazlal
Ru
Sif Muna
Trog
Uskayaw
Vehumet
Wu Jian
Xom
Yredelemnul
Zin
The Shining One

Shops:
D:6 *

Annotations:
D:3 3 runed translucent doors, ryw's ghost, novice DESu
D:7 2 transporters, cheechan's ghost, novice NaHu


Innate Abilities, Weirdness & Mutations

You are immune to sickness and miasma.
Your stone body is resilient. (AC +8)
You are immune to poison.
You resist negative energy. (rN+)
You are resistant to electric shocks. (rElec)
You are resistant to unholy torment.
You are immune to petrification.


Message History

Confirm with . or Enter, or press ? or * to list all spells.
Aiming: Sticky Flame (dangerous; 1% risk of failure)
Press: ? - help, Shift-Dir - straight line, f - freezing wraith, p - two-headed ogre simulacrum
Aim: a freezing wraith (lightly damaged, 100% to hit)
The sticky flame hits the freezing wraith but does no damage.
The freezing wraith is lightly damaged.
The freezing wraith hits you! The freezing wraith freezes you! You resist.
The freezing wraith closely misses you.
Casting: Sticky Flame (dangerous; 1% risk of failure)
Confirm with . or Enter, or press ? or * to list all spells.
Aiming: Sticky Flame (dangerous; 1% risk of failure)
Press: ? - help, Shift-Dir - straight line, f/p - freezing wraith
Aim: a freezing wraith (lightly damaged, 100% to hit)
The sticky flame hits the freezing wraith but does no damage.
The freezing wraith is lightly damaged.
The freezing wraith hits you but does no damage. x2
Casting: Sticky Flame (dangerous; 1% risk of failure)
Confirm with . or Enter, or press ? or * to list all spells.
Aiming: Sticky Flame (dangerous; 1% risk of failure)
Press: ? - help, Shift-Dir - straight line, f/p - freezing wraith
Aim: a freezing wraith (lightly damaged, 100% to hit)
The sticky flame hits the freezing wraith but does no damage.
The freezing wraith is lightly damaged.
The freezing wraith barely misses you. The freezing wraith hits you!
The two-headed ogre simulacrum hits you.
The two-headed ogre simulacrum freezes you!
You resist.
The two-headed ogre simulacrum hits you.
* * * LOW HITPOINT WARNING * * *
The two-headed ogre simulacrum freezes you.
You resist.
* * * LOW HITPOINT WARNING * * *
You feel much better. The freezing wraith hits you.
The freezing wraith freezes you! You resist.
The freezing wraith hits you but does no damage.
The two-headed ogre simulacrum hits you!
* * * LOW HITPOINT WARNING * * *
The two-headed ogre simulacrum freezes you!
You resist.
You die...

##...####.## ##...##
#..## ...# #...## ##..#
.... ##..## #..## .....
#..###### ##..# .....
#.###...## #..## .....#
..##.....## ##..##.....#
..#...#...# #..#W....##
....####..# ##.@Z# ..##
...## #..## ##.####≈#≈#
#.## ##..## ####≈≈≈≈≈#
### #...## ≈≈≈≈≈≈≈
##....## #≈≈≈≈ ####
#......# ##..# ##..##
##.....####..#####....##
#.......##....##.......#
#..........#.......∩.∩.#


You could see a freezing wraith and a two-headed ogre simulacrum.

Vanquished Creatures
  2 hydras
  4 two-headed ogres (D:11)
  Pikel (D:4)
  A cyclops (D:8)
  A manticore (D:11)
  2 centaur zombies
  A black mamba (Lair:2)
  A cane toad (Lair:1)
  Maggie (D:8)
  A kobold demonologist (D:11)
  5 komodo dragons
  4 ice devils (IceCv)
  An anaconda simulacrum (IceCv)
  3 trolls
  A polar bear (Lair:2)
  14 yaks
  A wraith (D:10)
  A dire elephant simulacrum (IceCv)
  A basilisk (Lair:2)
  A death yak simulacrum (Lair:3)
  A steam dragon (D:8)
  8 vampire mosquitoes
  Edmund (D:4)
  Duvessa (D:4)
  2 acid dragons
  2 water moccasins
  An ice beast (D:7)
  2 orc warriors
  3 sky beasts
  2 ogres
  2 necrophages
  8 wolves
  5 centaurs
  4 lemures
  A kobold brigand (D:8)
  A gnoll sergeant (D:8)
  7 bullfrogs
  3 scorpions
  Dowan (D:4)
  A cane toad simulacrum (IceCv)
  6 killer bees
  6 elephant simulacra
  5 wights (D:8)
  3 howler monkeys
  An electric eel (Lair:1)
  A bullfrog zombie (D:5)
  A hound (D:5)
  3 jellies
  Crazy Yiuf (D:5)
  A gnoll shaman (D:9)
  A bullfrog skeleton (D:3)
  A centaur skeleton (D:6)
  9 orc wizards
  Natasha (thrice) (D:2)
  A troll simulacrum (IceCv)
  An iguana (D:5)
  4 polar bear simulacra
  2 spriggan simulacra (IceCv)
  A killer bee zombie (D:8)
  A hound skeleton (D:5)
  A howler monkey zombie (D:9)
  3 adders
  13 gnolls
  2 naga simulacra (IceCv)
  A shadow imp (D:7)
  2 white imps
  3 ufetubi
  4 dart slugs
  29 orcs
  7 ball pythons
  9 endoplasms
  8 giant cockroaches
  9 goblins
  9 hobgoblins
  2 jackals (D:2)
  16 kobolds
  A quokka (D:1)
  6 bats
  3 frilled lizards
  9 rats
292 creatures vanquished.

Vanquished Creatures (others)
  An orc (D:9)
  A demonic plant (Gauntlet)
  3 fungi (Gauntlet)
  23 plants
  5 withered plants (D:4)
33 creatures vanquished.

Grand Total: 325 creatures vanquished

Notes
Turn   | Place    | Note
-------+----------+-------------------------------------------
     0 | D:1      | ders the Gargoyle Earth Elementalist began the quest for
                  | the Orb.
     0 | D:1      | Reached XP level 1. HP: 10/10 MP: 3/3
   218 | D:1      | Reached skill level 4 in Earth Magic
   240 | D:1      | Reached XP level 2. HP: 15/15 MP: 1/5
   802 | D:1      | Reached XP level 3. HP: 15/19 MP: 6/6
  1057 | D:1      | Found a faded altar of an unknown god.
  1182 | D:1      | Learned a level 3 spell: Stone Arrow
  1744 | D:2      | Reached skill level 1 in Conjurations
  1744 | D:2      | Reached XP level 4. HP: 20/24 MP: 0/8
  2120 | D:2      | Noticed Natasha
  2136 | D:2      | Killed Natasha
  2137 | D:2      | Reached skill level 5 in Earth Magic
  2456 | D:2      | Noticed Natasha
  2462 | D:2      | Killed Natasha
  2463 | D:2      | Reached XP level 5. HP: 25/28 MP: 1/9
  3087 | D:2      | Noticed Natasha
  3091 | D:2      | Killed Natasha
  3204 | D:3      | Found a runed translucent gate.
  3204 | D:3      | Found a runed translucent gate.
  3206 | D:3      | Found a runed translucent gate.
  3211 | D:3      | Noticed ryw's ghost (novice DESu)
  4382 | D:4      | Reached XP level 6. HP: 32/33 MP: 0/11
  4917 | D:4      | Noticed a necrophage
  4920 | D:4      | Noticed Duvessa
  4925 | D:4      | Killed a necrophage
  4927 | D:4      | Noticed Dowan
  5053 | D:4      | Killed Duvessa
  5054 | D:4      | Reached skill level 6 in Earth Magic
  5125 | D:4      | Killed Dowan
  5126 | D:4      | Reached skill level 1 in Fighting
  5126 | D:4      | Reached XP level 7. HP: 14/38 MP: 7/13
  5534 | D:4      | Noticed Pikel
  5876 | D:4      | Killed Pikel
  5877 | D:4      | Reached skill level 5 in Spellcasting
  5877 | D:4      | Reached skill level 7 in Earth Magic
  5877 | D:4      | Reached XP level 8. HP: 28/43 MP: 0/16
  6394 | D:4      | Found an ancient bone altar of Kikubaaqudgha.
  6582 | D:4      | Noticed Edmund
  6589 | D:4      | Killed Edmund
  6590 | D:4      | Reached skill level 8 in Earth Magic
  6795 | D:4      | Learned a level 2 spell: Blink
  6878 | D:5      | Entered Level 5 of the Dungeon
  7109 | D:5      | Reached skill level 5 in Conjurations
  7516 | D:5      | Reached XP level 9. HP: 47/47 MP: 14/18
  8093 | D:5      | Identified the +10 hand axe of the End of Times {drain,
                  | rElec rF+ Dex+2}
  8188 | D:5      | Found a runed translucent door.
  8189 | D:5      | Noticed Crazy Yiuf
  8283 | D:5      | Killed Crazy Yiuf
  8675 | D:6      | Reached skill level 9 in Earth Magic
  9061 | D:6      | Found a bloodstained altar of Trog.
  9220 | D:6      | Found an opulent altar of Gozag.
  9506 | D:6      | Found Odanofam's Elemental Accessories.
  9855 | D:7      | Found a transporter.
 10028 | D:7      | Found a transporter.
 10032 | D:7      | Noticed cheechan's ghost (novice NaHu)
 10039 | D:7      | Found a staircase to the Ecumenical Temple.
 10049 | Temple   | Entered the Ecumenical Temple
 10171 | Temple   | Became a worshipper of Vehumet
 11458 | D:8      | Identified the amulet "Xixzu" {Reflect rElec rPois rCorr
                  | Int+3 SH+5}
 11766 | D:8      | Reached skill level 10 in Earth Magic
 11776 | D:8      | Reached * piety under Vehumet
 11776 | D:8      | Offered knowledge of Shock by Vehumet.
 11941 | D:8      | Noticed Maggie
 11947 | D:8      | Killed Maggie
 11948 | D:8      | Reached skill level 1 in Axes
 11948 | D:8      | Reached XP level 10. HP: 36/52 MP: 5/22
 12098 | D:8      | Noticed a cyclops
 12102 | D:8      | Killed a cyclops
 13974 | D:9      | Offered knowledge of Static Discharge by Vehumet.
 14030 | D:9      | Reached ** piety under Vehumet
 14304 | D:9      | Learned a level 3 spell: Frozen Ramparts
 14372 | D:10     | Entered Level 10 of the Dungeon
 14672 | D:10     | Reached skill level 11 in Earth Magic
 14794 | D:10     | Found a white marble altar of Elyvilon.
 15040 | D:10     | Reached skill level 10 in Conjurations
 15040 | D:10     | Reached XP level 11. HP: 46/56 MP: 17/24
 15267 | D:11     | Noticed a sun demon
 15269 | D:11     | Reached skill level 1 in Shields
 15340 | D:11     | Found a gate leading to a gauntlet.
 15354 | Gauntlet | Entered a Gauntlet
 15354 | Gauntlet | Noticed a death drake
 15354 | Gauntlet | Noticed a necromancer
 15354 | Gauntlet | Found a transporter.
 15354 | Gauntlet | Found a transporter.
 15354 | Gauntlet | Found a transporter.
 15358 | Gauntlet | Found a transporter.
 15367 | Gauntlet | Noticed a catoblepas
 15372 | Gauntlet | Found a transporter.
 15375 | Gauntlet | Found a transporter.
 15381 | Gauntlet | Found a transporter.
 15389 | Gauntlet | Found a transporter.
 15406 | Gauntlet | Found a transporter.
 15414 | Gauntlet | Found a transporter.
 15432 | Gauntlet | Found a transporter.
 15515 | Gauntlet | Found a transporter.
 15556 | D:11     | Noticed a two-headed ogre
 15563 | D:11     | Killed a two-headed ogre
 15643 | D:11     | Noticed a manticore
 15648 | D:11     | Killed a manticore
 15683 | D:11     | Noticed a two-headed ogre
 15692 | D:11     | Killed a two-headed ogre
 16006 | D:11     | Noticed a death yak
 16030 | D:10     | Learned a level 4 spell: Petrify
 16063 | D:11     | Noticed a death yak
 16064 | D:11     | Noticed a death yak
 16065 | D:11     | Noticed a death yak
 16066 | D:11     | Noticed a death yak
 16149 | D:11     | Noticed a two-headed ogre
 16152 | D:11     | Killed a two-headed ogre
 16153 | D:11     | Reached skill level 10 in Spellcasting
 16308 | D:11     | Noticed a two-headed ogre
 16313 | D:11     | Killed a two-headed ogre
 16314 | D:11     | Reached skill level 12 in Earth Magic
 16486 | D:11     | Found a staircase to the Lair.
 16548 | Lair:1   | Entered Level 1 of the Lair of Beasts
 16759 | Lair:1   | Noticed a five-headed hydra
 16766 | Lair:1   | Killed a five-headed hydra
 17113 | Lair:1   | Offered knowledge of Dazzling Flash by Vehumet.
 17121 | Lair:1   | Reached XP level 12. HP: 50/62 MP: 2/26
 17317 | Lair:1   | Learned a level 3 spell: Dazzling Flash
 18364 | Lair:2   | Reached *** piety under Vehumet
 18373 | Lair:2   | Reached skill level 13 in Earth Magic
 18706 | Lair:2   | Noticed a seven-headed hydra
 18718 | Lair:2   | Killed a seven-headed hydra
 19332 | Lair:3   | Reached skill level 1 in Ice Magic
 19528 | Lair:3   | Found a frozen archway.
 19543 | Lair:3   | Learned a level 4 spell: Sticky Flame
 19544 | IceCv    | Entered an ice cave
 19586 | IceCv    | Offered knowledge of Airstrike by Vehumet.
 20272 | IceCv    | Slain by a two-headed ogre simulacrum

Illustrated notes

Levels and vault maps discovered:
D:1:      psy_arrival_radial01, layout_basic, basic_ecumenical_altar
D:2:      layout_basic, corexii_hall_statues_s, minmay_tall_x, uniq_natasha
D:3:      layout_loops_corners, gammafunk_ghost_split, serial_bayou,
          serial_bayou_shore_b, serial_bayou_pond_c, serial_bayou_pond_a,
          serial_bayou_ford_a, serial_bayou_pond_c
D:4:      layout_basic, kiku_gazebo_garden_becter, uniq_pikel, uniq_edmund,
          uniq_duvessa
D:5:      layout_gridville, minmay_hedge_maze, kennysheep_generic_room_11,
          uniq_crazy_yiuf_cottage
D:6:      layout_cave_pods, mainiacjoe_overflow_24_doors,
          nicolae_gozag_cash_rules_everything_around_me, nicolae_elemental_shop
D:7:      layout_basic, minmay_temple_entry_purple_smoke,
          gammafunk_ghost_stat_death, serial_park_tiny_pond, st_stairs_14
D:8:      layout_basic, uniq_maggie
D:9:      layout_long_grid
D:10:     layout_rooms, lemuel_crystal_altar, st_stairs_9, chequers_arboretum
D:11:     layout_stronghold, dpeg_lair_monsters, gauntlet_entry_generic,
          kennysheep_generic_room_7
Temple:   mainiacjoe_temple_coin_purse
Lair:1:   layout_small_grid, serial_bayou_lagoon_a, serial_bayou_lagoon_b
Lair:2:   layout_chaotic_city, lemuel_fruit_tree
Lair:3:   layout_cave_pods, portal_ice_cave_entry_ice_simulacra,
          lemuel_fruit_fields, infiniplex_staircase_pool, serial_bayou_shore_b
IceCv:    ice_cave_small_necro

Skill      XL: |  1  2  3  4  5  6  7  8  9 10 11 12 |
---------------+-------------------------------------+-----
Earth Magic    | 4 5 6 7 8 10 11 12 13 | 13.5
Conjurations   | 1 2 3 4 5 7 10 11 12 | 12.5
Spellcasting   | 3 4 5 6 8 9 10 11 | 11.4
Fighting       | 1 2 |  2.6
Axes           | 1 |  1.7
Shields        | 1 |  1.9
Ice Magic      | 1 |  1.1
Short Blades   | |  0.8
Maces & Flails | |  0.2
Dodging        | |  1.5
Stealth        | |  2.1
Unarmed Combat | |  0.1
Translocations | |  0.3
Transmutations | |  0.7

Action                   |  1- 3 |  4- 6 |  7- 9 | 10-12 || total
-------------------------+-------+-------+-------+-------++-------
Melee: Unarmed           |     6 |       |       |       ||     6
       Dagger            |    20 |    31 |       |       ||    51
       Flail             |       |     6 |     2 |       ||     8
       Hand axe          |       |       |    16 |    15 ||    31
 Cast: Sandblast         |    30 |    64 |    48 |    91 ||   233
       Stone Arrow       |     8 |    22 |    99 |   202 ||   331
       Frozen Ramparts   |       |       |       |     4 ||     4
       Blink             |       |       |       |     2 ||     2
       Sticky Flame      |       |       |       |     4 ||     4
       Petrify           |       |       |       |     2 ||     2
       Dazzling Flash    |       |       |       |     1 ||     1
  Use: Potion            |       |     1 |       |     1 ||     2
       Scroll            |       |       |    10 |     9 ||    19
Armor: Robe              |    16 |    27 |    23 |    60 ||   126
Dodge: Dodged            |    23 |    58 |    41 |    82 ||   204
Block: Other             |       |       |     5 |    30 ||    35
       Reflection        |       |       |     1 |     5 ||     6

Table legend: (Time is in decaauts)
 A = Elapsed time spent in this place.
 B = Non-inter-level travel time spent in this place.
 C = Inter-level travel time spent in this place.
 D = Time resting spent in this place.
 E = Time spent auto-exploring this place.
 F = Levels seen in this place.
 G = Mean time per level.
                   A        B        C        D        E       F      G
               +--------+--------+--------+--------+--------+-----+--------+
         Total |  20355 |  19512 |    843 |   8616 |   8956 |  17 | 1197.4 |
       Dungeon |  16275 |  15542 |    733 |   6687 |   7338 |  11 | 1479.5 |
        Temple |    134 |     99 |     35 |      0 |     85 |   1 |  134.0 |
          Lair |   3023 |   2948 |     75 |   1331 |   1316 |   3 | 1007.7 |
      Ice Cave |    727 |    727 |      0 |    598 |     60 |   1 |  727.0 |
      Gauntlet |    194 |    194 |      0 |      0 |    157 |   1 |  194.0 |
               +--------+--------+--------+--------+--------+-----+--------+

Top non-repeatable levels by time:
     D:4: 2090 daAuts
     D:2: 1975 daAuts
     D:8: 1883 daAuts
     D:3: 1666 daAuts
  Lair:1: 1633 daAuts
     D:5: 1588 daAuts
     D:9: 1505 daAuts
     D:6: 1311 daAuts
     D:1: 1266 daAuts
     D:7: 1259 daAuts
  Lair:2: 1120 daAuts
    D:11: 1045 daAuts
   IceCv: 727 daAuts
    D:10: 683 daAuts
  Lair:3: 269 daAuts
